[Event "*** SCC Grand Prix: Titled Tuesday Blitz"]
[Site "Chess.com"]
[Date "2020.08.25"]
[Round "2"]
[White "XDPS"]
[Black "Zhani-Z"]
[Result "1-0"]
[WhiteElo "2728"]
[BlackElo "2485"]
[TimeControl "180+1"]
[EndTime "10:17:55 PDT"]
[Termination "XDPS won on time"]

1. e4 c5 2. Nf3 Nf6 3. Nc3 d5 4. exd5 Nxd5 5. g3 Nc6 6. Bg2 Nc7 7. O-O e5 8. Re1 f6 9. Nh4 Be6 10. d3 Qd7 11. f4 O-O-O 12. Be3 exf4 13. Bxf4 Bd6 14.
Bxd6 Qxd6 15. Ne4 Qd7 16. Kh1 b6 17. a3 f5 18. Ng5 Bd5 19. Bxd5 Qxd5+ 20. Qf3 Qxf3+ 21.
Nhxf3 Rhe8 22. Nxh7 Nd5 23. Nhg5 Ne3 24. Re2 Ng4 25.
Rae1 Rh8 26. Nf7 1-0

[Event "*** SCC Grand Prix: Titled Tuesday Blitz"]
[Site "Chess.com"]
[Date "2020.08.25"]
[Round "2"]
[White "xamax2000"]
[Black "CarrotsandPizza"]
[Result "1-0"]
[WhiteElo "2658"]
[BlackElo "2388"]
[TimeControl "180+1"]
[EndTime "10:17:55 PDT"]
[Termination "xamax2000 won on time"]

1. e4 c5 2. Nf3 Qb6 3. c3 e6 4. d4 d5 5. exd5 exd5 6. Bd3 c4 7. Bc2 Bd6 8. O-O Ne7 9. Ne5 Nbc6 10. Re1 O-O 11. Qh5 Ng6 12. f4 Re8 13. Kh1 Qc7 14.
Rf1 Nf8 15. Nd2 g6 16. Qh4 Qe7 17. Qxe7 Nxe7 18. Ndf3 Bf5 19. Bxf5 Nxf5 20. g4 Ne7 21. Ne1 f6 22. N5f3 Nc6 23. Rf2 Re4 24. Ng2 Rae8 25. Bd2 Ne6 26. Ng1 Ng7 27. Raf1 b5 28. a3 a5 29. h3 b4 30. axb4 axb4 31. Kh2 Kf7 32. Kg3 Ra8 33. Kf3 Ra2 34. Bc1 Ne6 35.
Ne2 Na5 36. Ng3 Nb3 37. Be3 bxc3 38. bxc3 Rxf2+ 39. Rxf2 1-0

[Event "*** SCC Grand Prix: Titled Tuesday Blitz"]
[Site "Chess.com"]
[Date "2020.08.25"]
[Round "2"]
[White "IroniaSudby"]
[Black "chito89"]
[Result "0-1"]
[WhiteElo "2505"]
[BlackElo "2776"]
[TimeControl "180+1"]
[EndTime "10:17:57 PDT"]
[Termination "chito89 won on time"]

1. d4 Nf6 2. c4 e6 3. Nc3 Bb4 4. Nf3 b6 5. Bg5 h6 6. Bh4 g5 7. Bg3 Ne4 8. Qc2 Bb7 9. e3 Bxc3+ 10. bxc3 d6 11. Bd3 f5 12. d5 Na6 13. Nd4 Nac5 14. Nxe6 Nxe6 15. Bxe4 fxe4 16. Qxe4 Qf6 17. O-O O-O-O 18.
Qxe6+ Qxe6 19. dxe6 Rde8 20. f4 Rxe6 21. Rae1 Rhe8 22.
fxg5 hxg5 23. Rf5 g4 24. Rf4 Re4 25. Ref1 Rxe3 26. Rxg4 Rxc3 0-1

[Event "*** SCC Grand Prix: Titled Tuesday Blitz"]
[Site "Chess.com"]
[Date "2020.08.25"]
[Round "2"]
[White "elohunter1999"]
[Black "GMJustin"]
[Result "1-0"]
[WhiteElo "2453"]
[BlackElo "2243"]
[TimeControl "180+1"]
[EndTime "10:17:57 PDT"]
[Termination "elohunter1999 won on time"]

1. e4 e5 2. Nf3 Nc6 3. Bb5 a6 4. Ba4 Nf6 5. O-O Be7 6. Re1 b5 7. Bb3 d6 8. c3 O-O 9. h3 Na5 10. Bc2 c5 11. d4 Qc7 12. Nbd2 Nd7 13. Nf1 Nc4 14. Ng3 g6 15. b3 Ncb6 16. Bh6 Rd8 17. Qd2 c4 18. d5 cxb3 19. axb3 Nc5 20. Nh2 a5 21. Rf1 a4 22. b4 Nc4 23. Qc1 Nd7 24. f4 exf4 25. Qxf4 Nde5 26. Kh1 Bd7 27. Nf3 a3 28. Nd4 1-0

[Event "*** SCC Grand Prix: Titled Tuesday Blitz"]
[Site "Chess.com"]
[Date "2020.08.25"]
[Round "2"]
[White "ShadowJolteon"]
[Black "WIDBIFS"]
[Result "0-1"]
[WhiteElo "2448"]
[BlackElo "2677"]
[TimeControl "180+1"]
[EndTime "10:17:58 PDT"]
[Termination "WIDBIFS won by resignation"]

1. d4 Nf6 2. c4 g6 3. Nc3 Bg7 4. e4 d6 5. f3 O-O 6. Be3 c5 7.
dxc5 dxc5 8. Qxd8 Rxd8 9. Bxc5 Nc6 10. Nd5 Nd7 11. Nxe7+ Nxe7 12. Bxe7 Bxb2 13. Rb1 Bc3+ 14.
Kf2 Re8 15. Ne2 Bg7 16. Bd6 b6 17. Nf4 Bd4+ 18. Kg3 Nf6 19. h4 Rxe4 20. fxe4 Nxe4+ 21. Kh2 Nxd6 22. g3 Bb7 23. Bg2 Bxg2 24. Kxg2 Nxc4 25.
Rb4 Ne3+ 26. Kf3 Bc5 27. Re4 Nf5 28. Rd1 h5 29. Rd7 a5 30. Nh3 Nd6 31. Ree7 Nc4 32. Rxf7 Ne5+ 33. Kf4 Nxf7 34. Ng5 Rf8 35. Ne6 Re8 36. Nc7 Re7 0-1

[Event "*** SCC Grand Prix: Titled Tuesday Blitz"]
[Site "Chess.com"]
[Date "2020.08.25"]
[Round "2"]
[White "Yana_pro"]
[Black "margarita_2703"]
[Result "0-1"]
[WhiteElo "2084"]
[BlackElo "2392"]
[TimeControl "180+1"]
[EndTime "10:17:58 PDT"]
[Termination "margarita_2703 won by resignation"]

1. Nf3 Nf6 2. g3 d5 3. Bg2 c6 4. O-O Bg4 5. d4 Nbd7 6. b3 e6 7. Bb2 Bd6 8. c4 O-O 9. Nc3 Re8 10. h3 Bh5 11. Qc2 e5 12. dxe5 Nxe5 13. Nxe5 Bxe5 14.
Rfe1 Rc8 15. Na4 Bg6 16. Qc1 Bxb2 17. Nxb2 Qa5 18. c5 Nd7 19. Nd3 Bxd3 20. exd3 Qxc5 21.
Qb2 Nf6 22. h4 Qb6 23. Bh3 Rcd8 24. Rad1 d4 25. Bg2 Qb4 26. a3 Rxe1+ 27. Kh2 Qe7 0-1

[Event "*** SCC Grand Prix: Titled Tuesday Blitz"]
[Site "Chess.com"]
[Date "2020.08.25"]
[Round "2"]
[White "MF1966Idrisov"]
[Black "catzapto"]
[Result "1/2-1/2"]
[WhiteElo "2374"]
[BlackElo "2055"]
[TimeControl "180+1"]
[EndTime "10:17:58 PDT"]
[Termination "Game drawn by repetition"]

1. Nf3 c5 2. b3 e6 3. c4 Nf6 4. Bb2 d5 5. cxd5 exd5 6. d4 cxd4 7. Nxd4 Nc6 8. g3 Bb4+ 9. Nc3 Ne4 10. Qd3 Qf6 11. O-O-O Qxd4 12. Qxd4 Nxd4 13. Nxe4 Nxb3+ 14. axb3 dxe4 15. Bxg7 Rg8 16. Bf6 Be6 17. Rd4 Rc8+ 18.
Kb1 Ba3 19. Bg2 Rg6 20. Bh4 Bxb3 21. Rxe4+ Re6 22. Rxe6+ fxe6 23. Bxb7 Rc2 24. Bf6 Kf7 25. Bd4 Rxe2 26. Bxa7 Rb2+ 27. Ka1 Ra2+ 28. Kb1 Rb2+ 29. Ka1 Ra2+ 30. Kb1 Rb2+ 1/2-1/2

[Event "*** SCC Grand Prix: Titled Tuesday Blitz"]
[Site "Chess.com"]
[Date "2020.08.25"]
[Round "2"]
[White "Gahan-MG"]
[Black "northridgehawk"]
[Result "1-0"]
[WhiteElo "2663"]
[BlackElo "2297"]
[TimeControl "180+1"]
[EndTime "10:17:59 PDT"]
[Termination "Gahan-MG won by resignation"]

1. e4 e5 2. Nf3 Nc6 3. d4 exd4 4. Nxd4 Qh4 5. Nc3 Bb4 6. Nb5 Nf6 7. Nxc7+ Kd8 8. Nxa8 Nxe4 9. g3 Nxg3 10. hxg3 Qxh1 11. Be3 Re8 12. Qg4 d6 13. Qg5+ f6 14.
Qxg7 Re7 15. Qf8+ Kd7 16. O-O-O Bxc3 17. bxc3 Qe4 18. Bh3+ Re6 19. Qxf6 Nd8 20. Qg7+ Kc6 21. Qd4 Qxd4 22. cxd4 Rxe3 23. d5+ Kb5 24. Bf1+ Ka4 25. fxe3 Bg4 26. Rd4+ 1-0

[Event "*** SCC Grand Prix: Titled Tuesday Blitz"]
[Site "Chess.com"]
[Date "2020.08.25"]
[Round "2"]
[White "Artur0208"]
[Black "fabianvivasz"]
[Result "1-0"]
[WhiteElo "2688"]
[BlackElo "2304"]
[TimeControl "180+1"]
[EndTime "10:18:01 PDT"]
[Termination "Artur0208 won on time"]

1. d4 Nf6 2. c4 g6 3. Nc3 d5 4. Bf4 Bg7 5. e3 O-O 6. Rc1 c5 7. dxc5 dxc4 8. Qxd8 Rxd8 9. Bxc4 Na6 10. Bxa6 bxa6 11.
Nf3 Nh5 12. Be5 f6 13. Bg3 Nxg3 14. hxg3 Rb8 15. b3 a5 16. O-O Ba6 17. Rfd1 Kf7 18. Nd5 Rbc8 19. e4 e6 20. Ne3 Rxd1+ 21. Rxd1 Ke7 22.
Rc1 Bh6 23. e5 f5 24. Nd4 f4 25. Ng4 Bg5 26. Nf3 h6 27. Nxg5 hxg5 28. Nf6 Bb7 29.
Rd1 Bc6 30. Rd6 a4 31. b4 Bb5 32. a3 a5 33. Rb6 axb4 34. Rb7+ Kf8 35. Rxb5 bxa3 36. Ra5 1-0

[Event "*** SCC Grand Prix: Titled Tuesday Blitz"]
[Site "Chess.com"]
[Date "2020.08.25"]
[Round "2"]
[White "Justinz"]
[Black "isainz"]
[Result "1-0"]
[WhiteElo "2398"]
[BlackElo "2101"]
[TimeControl "180+1"]
[EndTime "10:18:01 PDT"]
[Termination "Justinz won on time"]

1. e4 c5 2. Nf3 Nc6 3. d4 cxd4 4. Nxd4 Nf6 5. Nc3 e5 6. Ndb5 d6 7. Bg5 a6 8. Na3 b5 9. Nd5 Be7 10. Bxf6 Bxf6 11. c4 b4 12. Nc2 a5 13. Qf3 Bg5 14. h4 Bxh4 15. Rd1 Be6 16. Rxh4 Qxh4 17. Nc7+ Ke7 18.
Nxa8 Rxa8 19. Qe3 Qg4 20. c5 Rd8 21. Bb5 Qxg2 22. cxd6+ Rxd6 23. Qc5 Qxe4+ 24. Ne3 Qh1+ 25. Bf1 Nd4 26. Rd3 Nf3+ 27. Ke2 Nd4+ 28. Kd1 Bg4+ 29. Kc1 1-0

[Event "*** SCC Grand Prix: Titled Tuesday Blitz"]
[Site "Chess.com"]
[Date "2020.08.25"]
[Round "2"]
[White "MomchilPetkov"]
[Black "julinha97"]
[Result "1-0"]
[WhiteElo "2554"]
[BlackElo "2280"]
[TimeControl "180+1"]
[EndTime "10:18:02 PDT"]
[Termination "MomchilPetkov won by resignation"]

1. e4 c5 2. Nf3 d6 3. d4 cxd4 4. Nxd4 Nf6 5. Nc3 g6 6. g3 Nc6 7. Nde2 Bg7 8. Bg2 O-O 9. O-O Bd7 10. h3 Rc8 11. a4 a6 12. Nd5 Be6 13. Nef4 g5 14.
Nxf6+ exf6 15. Nd5 h6 16. f4 f5 17. fxg5 Bxd5 18.
exd5 Nd4 19. c3 hxg5 20. cxd4 Qf6 21. Kh2 Rc4 22. Qd3 Rxd4 23. Qxf5 Qxf5 24. Rxf5 f6 25.
Be3 Rd3 26. Re1 Rc8 27. Be4 Rb3 28. Bd4 Rc4 29. Bc3 Rxa4 30. Bc2 Rxc3 31. bxc3 Ra2 32. Re2 b5 33. Rff2 1-0

[Event "*** SCC Grand Prix: Titled Tuesday Blitz"]
[Site "Chess.com"]
[Date "2020.08.25"]
[Round "2"]
[White "Makswolf200817"]
[Black "paulrusan"]
[Result "0-1"]
[WhiteElo "2405"]
[BlackElo "2196"]
[TimeControl "180+1"]
[EndTime "10:18:02 PDT"]
[Termination "paulrusan won by resignation"]

1. d4 Nf6 2. c4 g6 3. Nf3 Bg7 4. g3 d6 5. Bg2 O-O 6. O-O c6 7. Nc3 Bf5 8. d5 Ne4 9. Qb3 Nxc3 10. bxc3 Qb6 11. Bd2 Na6 12. Nd4 Qxb3 13. axb3 cxd5 14. Bxd5 Nc5 15. Nxf5 gxf5 16. Rfb1 e6 17. Bf3 a5 18. b4 axb4 19. Rxa8 Rxa8 20. cxb4 Ne4 21. Be1 Ra2 22. g4 Rc2 23. gxf5 exf5 24. c5 dxc5 25. bxc5 Rxc5 26. Rxb7 Rc1 27. Rb8+ Bf8 28. Kf1 Nd2+ 29. Kg2 Rxe1 30. Bh5 Ne4 31. Rb7 Nd6 32. Rd7 Kg7 33. e3 Kf6 34. Kf3 Be7 35. Kf4 Ne4 36. f3 Bd6+ 0-1

[Event "*** SCC Grand Prix: Titled Tuesday Blitz"]
[Site "Chess.com"]
[Date "2020.08.25"]
[Round "2"]
[White "Alexander_Zubov"]
[Black "Lion-Al-Messi"]
[Result "1-0"]
[WhiteElo "2945"]
[BlackElo "2567"]
[TimeControl "180+1"]
[EndTime "10:18:03 PDT"]
[Termination "Alexander_Zubov won on time"]

1. d4 d5 2. c4 c6 3. Nf3 Nf6 4.
Qb3 dxc4 5. Qxc4 Bf5 6. g3 e6 7. Bg2 Nbd7 8. O-O Be7 9. Nc3 O-O 10. Qb3 Qb6 11. Nd2 Bg6 12. Nc4 Qxb3 13. axb3 Nb6 14. Na5 Nbd5 15. Nxb7 Rfb8 16. Na5 Rb6 17. Bd2 h6 18.
Rfc1 Rab8 19. Na4 Rb5 20. Nxc6 R8b7 21. Nxe7+ Rxe7 22. Nc5 Nb4 23. Rc4 Nc2 24. Rc1 e5 25. R1xc2 Bxc2 26. Rxc2 exd4 27. Bf1 Rc7 28. b4 a5 29. e3 Rb8 30. bxa5 Ne4 31. exd4 1-0

[Event "*** SCC Grand Prix: Titled Tuesday Blitz"]
[Site "Chess.com"]
[Date "2020.08.25"]
[Round "2"]
[White "GoldenShare"]
[Black "praveenb2002"]
[Result "0-1"]
[WhiteElo "2499"]
[BlackElo "2757"]
[TimeControl "180+1"]
[EndTime "10:18:03 PDT"]
[Termination "praveenb2002 won by resignation"]

1. e4 c5 2. Nf3 d6 3. d4 cxd4 4. Nxd4 Nf6 5. Nc3 Nc6 6. Bg5 e6 7. Qd2 a6 8. O-O-O Bd7 9. f4 Be7 10. Nf3 b5 11. e5 b4 12. exd6 bxc3 13. Qxc3 Bf8 14. Bc4 Rc8 15. Bxa6 Rb8 16. f5 Qa5 17. fxe6 fxe6 18. Bxf6 gxf6 19. Qxf6 Rg8 20. Rhe1 Bg7 21.
Rxe6+ Bxe6 22. Qxe6+ Kf8 23. Nd4 Qg5+ 24. Kb1 Rxb2+ 25.
Kxb2 Bxd4+ 26. c3 Qxg2+ 27. Kb3 Kg7 28. cxd4 Rb8+ 29. Kc4 Qxa2+ 30. Kc5 Qxe6 31. d5 Qe3+ 32. Kxc6 Qb6+ 33. Kd7 Qa7+ 34. Ke6 Re8+ 35. Kf5 Qf7+ 0-1

[Event "*** SCC Grand Prix: Titled Tuesday Blitz"]
[Site "Chess.com"]
[Date "2020.08.25"]
[Round "2"]
[White "Miss_JJ20"]
[Black "INDIAN-ELEPHANT"]
[Result "1-0"]
[WhiteElo "2406"]
[BlackElo "2673"]
[TimeControl "180+1"]
[EndTime "10:18:05 PDT"]
[Termination "Miss_JJ20 won by resignation"]

1. d4 Nf6 2. c4 e6 3. g3 d5 4. Nf3 Bb4+ 5. Bd2 Be7 6. Bg2 O-O 7. O-O c6 8. Bf4 b6 9. Nfd2 Ba6 10. b3 Nbd7 11. Nc3 Rc8 12. e4 Bb4 13. Rc1 Bxc3 14. Rxc3 c5 15. dxc5 d4 16. Rc1 Nxc5 17.
e5 Nfd7 18. Ne4 Nxe4 19. Bxe4 Nc5 20. Bg2 b5 21. b4 Na4 22. c5 Nb2 23. Qd2 Nc4 24.
Qd3 g5 25. Bd2 Nxe5 26. Qe4 Nc4 27. Rfd1 Qf6 28. f4 g4 29. Be1 Rfd8 30. Bf2 Ne3 31. Bxe3 dxe3 32. Qxe3 Qb2 33. a3 Qf6 34. Qe5 Qxe5 35.
fxe5 Kf8 36. Rd6 Rxd6 37. exd6 Ke8 38. Kf2 Kd7 39. Ke3 e5 40. Rf1 Ke6 41. Be4 Rh8 42. Bf5+ Kd5 43. Rd1+ Kc6 44. Bxg4 h6 45. Bf3+ Kd7 46.
c6+ Ke6 47. d7 Ke7 48. c7 1-0

[Event "*** SCC Grand Prix: Titled Tuesday Blitz"]
[Site "Chess.com"]
[Date "2020.08.25"]
[Round "2"]
[White "ruslansezdbekov"]
[Black "PSvidler"]
[Result "0-1"]
[WhiteElo "2568"]
[BlackElo "2964"]
[TimeControl "180+1"]
[EndTime "10:18:11 PDT"]
[Termination "PSvidler won by resignation"]

1. e4 c5 2. Nf3 d6 3. c3 Nf6 4. Be2 Nbd7 5. Qc2 Qc7 6. O-O g6 7. Na3 a6 8. d4 cxd4 9. Nxd4 Bg7 10. Bf3 O-O 11. Be3 e5 12. Ne2 b5 13. Rad1 Rd8 14.
h3 Bb7 15. b4 Rac8 16. c4 bxc4 17. Nc3 Bf8 18. Nd5 Bxd5 19. exd5 Nb6 20. Bg5 Be7 21.
Bxf6 Bxf6 22. Nb1 c3 23. Rd3 e4 24. Bxe4 Qc4 25. Rf3 Bg7 26. a3 Nxd5 27. Bxd5 Qxd5 28. Rd1 Qc4 29. Rdd3 d5 30. Nxc3 d4 31. Qd1 Qxc3 32.
Rxc3 dxc3 33. Qc2 Rd2 34. Qc1 c2 35. Qxd2 c1=Q+ 36. Qxc1 Rxc1+ 37. Kh2 Rc3 0-1

[Event "*** SCC Grand Prix: Titled Tuesday Blitz"]
[Site "Chess.com"]
[Date "2020.08.25"]
[Round "2"]
[White "chigorin28"]
[Black "GregShahade"]
[Result "1/2-1/2"]
[WhiteElo "2468"]
[BlackElo "2680"]
[TimeControl "180+1"]
[EndTime "10:18:11 PDT"]
[Termination "Game drawn by repetition"]

1. e4 e5 2. Nf3 Nc6 3. Bc4 Nf6 4. d3 Bc5 5. O-O a6 6. c3 d6 7. Bb3 Ba7 8. Nbd2 O-O 9. h3 h6 10. Re1 Re8 11. Nf1 Be6 12. Ng3 d5 13. Qe2 Qd7 14. Bc2 Rad8 15. Nh4 dxe4 16. dxe4 Bxh3 17. gxh3 Qxh3 18. Nhf5 Ng4 19. Ne3 Qh2+ 20. Kf1 Qh3+ 21. Kg1 Bxe3 22. Bxe3 Qh2+ 23. Kf1 Qh3+ 24. Kg1 Qh2+ 25.
Kf1 Qh3+ 26. Kg1 1/2-1/2

[Event "*** SCC Grand Prix: Titled Tuesday Blitz"]
[Site "Chess.com"]
[Date "2020.08.25"]
[Round "2"]
[White "filali-marouan"]
[Black "PattyCastillo"]
[Result "1-0"]
[WhiteElo "2351"]
[BlackElo "1908"]
[TimeControl "180+1"]
[EndTime "10:18:11 PDT"]
[Termination "filali-marouan won by resignation"]

1. e4 c5 2. Nf3 d6 3. d4 cxd4 4. Nxd4 Nf6 5. Nc3 a6 6. Be2 e5 7. Nb3 Be7 8. O-O Be6 9. Kh1 Nbd7 10. f4 exf4 11. Bxf4 Qc7 12. Nd4 O-O 13. a4 Rac8 14. Nd5 Bxd5 15. exd5 Nb6 16. Nf5 Rfe8 17. c4 Bf8 18. Bd3 Nxc4 19. Rc1 Nxb2 20. Rxc7 Nxd1 21. Rxc8 Nf2+ 22. Rxf2 Rxc8 23. h3 Nxd5 24. Bxd6 Rc1+ 25. Kh2 Bxd6+ 26. Nxd6 Nb4 27. Bc4 Rc2 28. Rxf7 h6 29.
Rf2+ Kh7 30. Bd3+ Nxd3 31. Rxc2 1-0

[Event "*** SCC Grand Prix: Titled Tuesday Blitz"]
[Site "Chess.com"]
[Date "2020.08.25"]
[Round "2"]
[White "mishanick"]
[Black "tsvet2005"]
[Result "1-0"]
[WhiteElo "2972"]
[BlackElo "2574"]
[TimeControl "180+1"]
[EndTime "10:18:14 PDT"]
[Termination "mishanick won by resignation"]

1. d4 d5 2. c4 e6 3. Nf3 Nf6 4.
Nc3 c6 5. Bg5 h6 6. Bh4 dxc4 7.
e4 g5 8. Bg3 b5 9. h4 g4 10.
Ne5 Nbd7 11. Nxc6 Qb6 12. d5 Bb7 13. a4 a6 14. Be2 Bxc6 15. dxc6 Qxc6 16. axb5 axb5 17.
Rxa8+ Qxa8 18. O-O Qc6 19. e5 Nd5 20. Bxg4 Nxc3 21.
bxc3 Bc5 22. Qd2 Rg8 23. Bf3 Qc7 24. Qf4 b4 25. cxb4 Bxb4 26. Rb1 Bc5 27. Rb7 Qc8 28. Kh1 c3 29. Qc4 c2 30. Qxc2 Rxg3 31. fxg3 Nxe5 32. Qh7 Qd8 33. Qh8+ Bf8 34. Qxe5 1-0

[Event "*** SCC Grand Prix: Titled Tuesday Blitz"]
[Site "Chess.com"]
[Date "2020.08.25"]
[Round "2"]
[White "MarceloPlaya"]
[Black "Euge_chess"]
[Result "1-0"]
[WhiteElo "2384"]
[BlackElo "2061"]
[TimeControl "180+1"]
[EndTime "10:18:14 PDT"]
[Termination "MarceloPlaya won by resignation"]

1. e4 e5 2. Nf3 Nc6 3. d4 exd4 4. Bc4 Nf6 5. Ng5 Ne5 6. Qxd4 Nxc4 7. Qxc4 Qe7 8. O-O h6 9. Nf3 c6 10. Nc3 Qc5 11. Qe2 Be7 12. Be3 Qh5 13. e5 Ng4 14. Bf4 Qf5 15. Bg3 h5 16. h3 Nh6 17.
Nd4 Qg6 18. Ne4 O-O 19. f4 Nf5 20. Nxf5 Qxf5 21. Rae1 d5 22. exd6 Bxd6 23. Nxd6 Qc5+ 24. Kh2 Qxd6 25. Qxh5 g6 26. Qh6 Bf5 27. Bh4 Qd4 28.
Re5 Qd6 29. Rxf5 Rae8 30. Bf6 1-0

[Event "*** SCC Grand Prix: Titled Tuesday Blitz"]
[Site "Chess.com"]
[Date "2020.08.25"]
[Round "2"]
[White "sertalzin"]
[Black "Terao90"]
[Result "0-1"]
[WhiteElo "1873"]
[BlackElo "2349"]
[TimeControl "180+1"]
[EndTime "10:18:14 PDT"]
[Termination "Terao90 won on time"]

1. d4 Nf6 2. c4 e6 3. Nc3 Bb4 4. e3 d5 5. a3 Bxc3+ 6. bxc3 c5 7. Bd3 cxd4 8. cxd4 dxc4 9. Bxc4 O-O 10. Nf3 b6 11. Qe2 Nbd7 12. O-O Bb7 13. Bb2 a6 14. a4 Re8 15. Rfd1 Ne4 16. d5 exd5 17. Bxd5 Bxd5 18.
Rxd5 Nec5 19. Rad1 Qc7 20. a5 bxa5 21. Qc4 Nb6 22.
Qxc5 Nxd5 23. Rxd5 Qb7 24. Qc3 f6 25. Rxa5 Rac8 26.
Qd2 Red8 27. Qe2 Qxb2 0-1

[Event "*** SCC Grand Prix: Titled Tuesday Blitz"]
[Site "Chess.com"]
[Date "2020.08.25"]
[Round "2"]
[White "shineatchess"]
[Black "SaqoChess_Twitch"]
[Result "0-1"]
[WhiteElo "2208"]
[BlackElo "2432"]
[TimeControl "180+1"]
[EndTime "10:18:15 PDT"]
[Termination "SaqoChess_Twitch won by resignation"]

1. Nf3 d5 2. Rg1 Nf6 3. b3 c5 4. Bb2 Nc6 5. e3 h6 6. Be2 Qc7 7. d3 e5 8. h3 e4 9. Nfd2 exd3 10.
Bxd3 Be7 11. Nc3 Be6 12. Qf3 a6 13. Ne2 Ne5 14. Qf4 Nxd3+ 15. cxd3 Qxf4 16. Nxf4 Bd6 17. Bxf6 gxf6 18. Nh5 Ke7 19. f4 f5 20. Ke2 Rag8 21.
Kf3 Rg6 22. e4 fxe4+ 23. dxe4 dxe4+ 24. Nxe4 Bd5 25. Rae1 f5 26. g4 fxe4+ 27. Ke2 Rf8 28. Rd1 Bc6 29. f5 Rgg8 30. Rd2 Bb5+ 31. Ke3 c4 32.
Kxe4 c3 33. Rc2 Rd8 34. Re1 Kf7 35. Kf3 Rge8 36. Rxe8 Rxe8 37. Rxc3 Bc6+ 38. Kf2 Bb8 39. Rd3 Ba7+ 40. Kf1 Bb5 0-1

[Event "*** SCC Grand Prix: Titled Tuesday Blitz"]
[Site "Chess.com"]
[Date "2020.08.25"]
[Round "2"]
[White "Unkreativ3"]
[Black "pirulillo"]
[Result "1-0"]
[WhiteElo "2428"]
[BlackElo "2161"]
[TimeControl "180+1"]
[EndTime "10:18:15 PDT"]
[Termination "Unkreativ3 won by resignation"]

1. d4 Nf6 2. c4 g6 3. Nc3 Bg7 4. Nf3 O-O 5. Bg5 c5 6. d5 d6 7.
e3 a6 8. a4 Qa5 9. Nd2 h6 10.
Bh4 e6 11. Be2 exd5 12. cxd5 Qb4 13. Bc4 Qxb2 14. Rc1 Qb6 15. O-O Nbd7 16. Rb1 Qc7 17. Qc2 Ne5 18. f4 Nxc4 19. Nxc4 Ng4 20. Rbe1 f5 21. h3 Nf6 22. e4 Nxe4 23. Nxe4 fxe4 24. Qxe4 Bf5 25. Qe7 Qxe7 26. Bxe7 Bd3 27. Bxf8 Bxf8 28. Nb6 Rd8 29. Rf3 c4 30. Rc1 Bg7 31. Kh2 Be4 32. Re3 Bf5 33. Nxc4 Rc8 34. Ree1 b6 35. Nxd6 b5 36.
Nxc8 1-0

[Event "*** SCC Grand Prix: Titled Tuesday Blitz"]
[Site "Chess.com"]
[Date "2020.08.25"]
[Round "2"]
[White "IngOscarArdila"]
[Black "davidkalashian"]
[Result "0-1"]
[WhiteElo "2201"]
[BlackElo "2616"]
[TimeControl "180+1"]
[EndTime "10:18:17 PDT"]
[Termination "davidkalashian won by resignation"]

1. d4 Nf6 2. c4 e6 3. Nc3 Bb4 4. Bd2 c5 5. e3 O-O 6. a3 Bxc3 7. Bxc3 Ne4 8. Qc2 Nxc3 9. Qxc3 cxd4 10. exd4 d5 11. c5 Nc6 12. f4 a5 13. Nf3 b6 14.
Rc1 bxc5 15. dxc5 Ba6 16. Bxa6 Rxa6 17. O-O a4 18. Nd4 Na5 19. Rfd1 Nc4 20. Qb4 Qc7 21.
Nb5 Qxf4 22. Rxc4 dxc4 23. Nd6 Qe3+ 24. Kh1 Rc6 25. Nxc4 Qxc5 26. Qxc5 Rxc5 27. Nd6 Rd8 0-1

[Event "*** SCC Grand Prix: Titled Tuesday Blitz"]
[Site "Chess.com"]
[Date "2020.08.25"]
[Round "2"]
[White "bsnsun"]
[Black "parintele_chess"]
[Result "1-0"]
[WhiteElo "2409"]
[BlackElo "2141"]
[TimeControl "180+1"]
[EndTime "10:18:17 PDT"]
[Termination "bsnsun won by resignation"]

1. d4 Nf6 2. c4 g6 3. Nf3 Bg7 4. g3 O-O 5. Bg2 c6 6. O-O d5 7. Qb3 Qb6 8. Rd1 Bf5 9. Nc3 Qxb3 10. axb3 Bc2 11. Re1 Bxb3 12. cxd5 Nxd5 13. Nd2 Bc2 14.
Nxd5 cxd5 15. Bxd5 Nc6 16. e3 Rfc8 17. Nc4 e6 18. Bg2 Bd3 19. Nd6 Rc7 20. Nxb7 Nb4 21. Nc5 Rac8 22. Bd2 Rxc5 23. Bxb4 Rc2 24. Bc3 a6 25.
Bf3 Bf8 26. Bd1 R2xc3 27. bxc3 Rxc3 28. Be2 Bxe2 29. Rxe2 Rc6 30. Rea2 1-0

[Event "*** SCC Grand Prix: Titled Tuesday Blitz"]
[Site "Chess.com"]
[Date "2020.08.25"]
[Round "2"]
[White "Sjakkerntobi"]
[Black "dodorox"]
[Result "1-0"]
[WhiteElo "2391"]
[BlackElo "2078"]
[TimeControl "180+1"]
[EndTime "10:18:18 PDT"]
[Termination "Sjakkerntobi won on time"]

1. e4 e6 2. d4 d5 3. Nc3 Nf6 4. e5 Nfd7 5. f4 c5 6. Nf3 Nc6 7.
Be3 Qa5 8. Qd2 c4 9. Be2 b5 10. O-O b4 11. Nd1 Ba6 12. c3 Rb8 13. f5 bxc3 14. bxc3 exf5 15. Ng5 Nd8 16. Rxf5 Be7 17. Nxf7 Nxf7 18. e6 Nf6 19. exf7+ Kxf7 20. Rf1 Rhf8 21. Bf3 Kg8 22. Bg5 Bc8 23. Ne3 Be6 24.
Rae1 Bf7 25. Nf5 Ba3 26. Bxf6 1-0

[Event "*** SCC Grand Prix: Titled Tuesday Blitz"]
[Site "Chess.com"]
[Date "2020.08.25"]
[Round "2"]
[White "gross-aleks"]
[Black "David_Paravyan"]
[Result "0-1"]
[WhiteElo "2582"]
[BlackElo "2977"]
[TimeControl "180+1"]
[EndTime "10:18:19 PDT"]
[Termination "David_Paravyan won by resignation"]

1. c4 g6 2. d4 Bg7 3. Nc3 d6 4. g3 f5 5. Bg2 Nf6 6. Bg5 O-O 7.
Qd2 Nc6 8. Nf3 Ne4 9. Nxe4 fxe4 10. Nh4 d5 11. O-O Nxd4 12. cxd5 Qxd5 13. Bxe7 Bg4 14.
f3 exf3 15. exf3 Rxf3 16. Bxf3 Bxf3 17. Rae1 Re8 18. Bg5 Ne2+ 19. Rxe2 Rxe2 20. Qxd5+ Bxd5 21. Rf2 Bd4 0-1

[Event "*** SCC Grand Prix: Titled Tuesday Blitz"]
[Site "Chess.com"]
[Date "2020.08.25"]
[Round "2"]
[White "smshk35"]
[Black "Siri20"]
[Result "0-1"]
[WhiteElo "2472"]
[BlackElo "2706"]
[TimeControl "180+1"]
[EndTime "10:18:20 PDT"]
[Termination "Siri20 won by resignation"]

1. e4 c5 2. Nf3 d6 3. d4 cxd4 4. Nxd4 Nf6 5. Nc3 g6 6. Be3 Bg7 7. f3 O-O 8. Qd2 Nc6 9. O-O-O Nxd4 10. Bxd4 Be6 11. g4 Qa5 12. Kb1 Rfc8 13. Nd5 Qxd2 14.
Nxf6+ Bxf6 15. Rxd2 Bxd4 16. Rxd4 Rc5 17. h4 Rac8 18.
Rd2 Kg7 19. Be2 h6 20. c3 Kf6 21. Rd4 Ke5 22. h5 g5 23. Kc2 b5 24. a3 a5 25. Kd2 Kf4 26. Re1 Re5 27. Bd1 Rc6 28.
Ke2 Rcc5 29. Kf2 Rc6 30. Be2 Rb6 31. Bf1 Bd7 32. Rd5 b4 33. axb4 axb4 34. c4 Ra6 35. c5 Ra5 36. cxd6 Raxd5 37. exd5 Rxe1 38. Kxe1 exd6 39. Kf2 f5 40. gxf5 Bxf5 41. Bb5 Bc2 42. Bd7 Bd1 43. Bg4 Bb3 44. Be6 Bc2 45. Bg4 Ba4 46. Be6 Be8 47. Bg4 Bf7 0-1

[Event "*** SCC Grand Prix: Titled Tuesday Blitz"]
[Site "Chess.com"]
[Date "2020.08.25"]
[Round "2"]
[White "PavelShkapenko"]
[Black "Matols"]
[Result "1-0"]
[WhiteElo "2624"]
[BlackElo "2257"]
[TimeControl "180+1"]
[EndTime "10:18:20 PDT"]
[Termination "PavelShkapenko won by resignation"]

1. e4 e6 2. d4 d5 3. exd5 exd5 4. Nf3 Bd6 5. c4 dxc4 6. Bxc4 Nf6 7. O-O O-O 8. Nc3 Bg4 9. h3 Bh5 10. g4 Bg6 11.
Ne5 Nbd7 12. f4 c5 13. Nxd7 Nxd7 14. f5 cxd4 15. fxg6 Qh4 16. gxf7+ Kh8 17. Ne4 Qxh3 18. Qe2 d3 19. Qg2 Qxg2+ 20. Kxg2 Be5 21. Bxd3 Rac8 22. Be3 Bxb2 23. Rab1 Be5 24. Rxb7 Nf6 25. Nxf6 gxf6 26. Bh6 1-0